 Dungeon Crawl Stone Soup version 0.29.1-1-gd02db6906a (webtiles) character file.

Game seed: 6353436765012942144

47 xian the Caller (level 3, 0/24 HPs)
             Began as a Demonspawn Summoner on Sept 27, 2022.
             Was a Believer of Dithmenos.
             Slain by a goblin
             ... wielding a +1 dagger of venom
             ... led by Robin
              (5 damage)
             ... on level 3 of the Dungeon.
             The game lasted 00:05:30 (2063 turns).

xian the Caller (Demonspawn Summoner)               Turns: 2063, Time: 00:05:30

Health: 0/24       AC:  4    Str:  8    XL:     3   Next: 48%
Magic:  4/7        EV: 12    Int: 18    God:    Dithmenos [**....]
Gold:   133        SH:  5    Dex: 13    Spells: 4/7 levels left

rFire   . . .      SeeInvis .   a - +0 short sword
rCold   . . .      Faith    .   (no shield)
rNeg    . . .      Spirit   .   o - +2 robe {Archmagi}
rPois   .          Reflect  +   (helmet restricted)
rElec   .          Harm     .   (no cloak)
rCorr   .          Rampage  .   (no gloves)
Will    .....      Archmagi +   (no boots)
Stlth   ++........              c - amulet of reflection
HPRegen 0.08/turn               (no ring)
MPRegen 0.10/turn               (no ring)

@: lethally poisoned (0 -> -13), wreathed by umbra
A: horns 1, ignite blood 1
a: Renounce Religion, Shadow Step


You were on level 3 of the Dungeon.
You worshipped Dithmenos.
Dithmenos was pleased with you.
You visited 1 branch of the dungeon, and saw 3 of its levels.

You collected 133 gold pieces.

Inventory:

Hand Weapons
 a - a +0 short sword (weapon)
Missiles
 e - 3 silver javelins
Armour
 o - a +2 robe of the Archmagi (worn)
Jewellery
 c - an amulet of reflection (around neck)
Scrolls
 g - a scroll of blinking {unknown}
 h - 3 scrolls of teleportation
 i - a scroll of identify {unknown}
 k - a scroll of noise {unknown}
Potions
 b - a potion of magic
 d - a potion of lignification {unknown}
 f - 2 potions of heal wounds {unknown}
 j - 3 potions of curing {unknown}
 l - a potion of flight {unknown}
 m - a potion of haste {unknown}
 n - a potion of mutation {unknown}


   Skills:
 + Level 2.0 Dodging
 + Level 1.9 Stealth
 + Level 0.1 Unarmed Combat
 + Level 2.9 Spellcasting
 + Level 4.4 Summonings


You had 4 spell levels left.
You knew the following spells:

 Your Spells              Type           Power      Damage    Failure   Level
a - Summon Small Mammal   Summ           100%       N/A       2%          1
b - Call Imp              Summ           28%        N/A       4%          2

Your spell library contained the following spells:

 Spells                   Type           Power      Damage    Failure   Level
 Call Canine Familiar     Summ           28%        N/A       8%          3
 Summon Guardian Golem    Hex/Summ       16%        N/A       21%         3
 Ensorcelled Hibernation  Hex/Ice        8%         N/A       26%         2
 Spider Form              Tmut/Pois      4%         N/A       45%         3
 Summon Lightning Spire   Summ/Air       16%        N/A       54%         4
 Anguish                  Hex/Necr       2%         N/A       86%         4


Dungeon Overview and Level Annotations

Branches:
Dungeon (3/15)

Altars:
Dithmenos
Ru

Annotations:
D:3 Robin


Innate Abilities, Weirdness & Mutations

You have a pair of small horns on your head.
Your demonic aura sometimes causes spilled blood to erupt in flames.


Message History

Your bat hits the goblin.
The goblin dies!
Dithmenos accepts your kill.
The goblin unwields a +0 dagger.
The goblin wields a +1 vorpal sling.
The goblin shoots a sling bullet.
The sling bullet misses you. Robin throws the goblin at you!
A kobold comes into view.
It is wielding a +1 short sword of draining.
Your bat barely misses the goblin.
Your quokka bites the goblin.
The goblin dies!
Dithmenos accepts your kill.
You can now step into the shadows of nearby creatures.
Robin throws the goblin at you!
The goblin unwields a +1 vorpal sling.
The goblin wields a +0 dagger.
The goblin hits you with a +0 dagger. The goblin misses you.
The goblin closely misses your quokka.
Your bat barely misses the goblin.
Your quokka bites the goblin.
The goblin dies!
Dithmenos accepts your kill.
The kobold shouts!
Your bat hits the goblin.
The goblin unwields a +0 dagger.
The goblin wields a +1 vorpal sling.
The goblin shoots a sling bullet.
The sling bullet barely misses you.
You miss the goblin.
The goblin no longer looks unusually strong.
Your bat misses the goblin. The goblin hits you but does no damage.
You are poisoned.
You feel sick.
Your bat closely misses the goblin.
The goblin unwields a +1 vorpal sling.
The goblin wields a +0 dagger.
You block the goblin's attack.
The goblin hits you with a +1 dagger of venom.
You are lethally poisoned!
Your shadow imp hits the goblin.
The goblin dies!
Dithmenos accepts your kill.
A goblin comes into view. It is wielding a +0 club.
* * * LOW HITPOINT WARNING * * *
You feel very sick.
Your bat hits the goblin.
The goblin hits you with a +1 dagger of venom.
You die...

.....######.........#
###### ##....##### #
#....# ... #....#
....g###....#
..ggg.))....#
....g###....#
.....###.).5###### g
..ggg.g..r@....#
....##...bg..K.# .g.
###..........# .?
##########.# . #


You could see Robin, a hobgoblin, 2 goblins, a kobold, a friendly shadow imp
(summoned), a friendly quokka (summoned) and a friendly bat (summoned).

Vanquished Creatures
  A jackal (D:1)
  A frilled lizard (D:1)
  A kobold (D:2)
  A rat (D:1)
4 creatures vanquished.

Vanquished Creatures (collateral kills)
  A gnoll (D:3)
  A dart slug (D:1)
  3 bats
  2 endoplasms (D:1)
  A giant cockroach (D:1)
  8 goblins
  2 hobgoblins
  2 jackals (D:1)
  2 quokkas (D:1)
  2 ball pythons (D:1)
  2 frilled lizards
  3 rats
29 creatures vanquished.

Grand Total: 33 creatures vanquished

Notes
Turn   | Place    | Note
-------+----------+-------------------------------------------
     0 | D:1      | xian the Demonspawn Summoner began the quest for the Orb.
     0 | D:1      | Reached XP level 1. HP: 13/13 MP: 3/3
   235 | D:1      | Found a faded altar of an unknown god.
   305 | D:1      | Prayed at the altar of an unknown god.
   305 | D:1      | Became a worshipper of Dithmenos the Shadowed
   305 | D:1      | Reached * piety under Dithmenos
   414 | D:1      | Gained mutation: Your demonic aura sometimes causes spilled
                  | blood to erupt in flames. [demonic ancestry]
   414 | D:1      | Reached XP level 2. HP: 18/19 MP: 1/5
  1179 | D:1      | Learned a level 2 spell: Call Imp
  1416 | D:2      | Found a sacrificial altar of Ru.
  1976 | D:3      | Gained mutation: You have a pair of small horns on your
                  | head. [demonic ancestry]
  1976 | D:3      | Reached XP level 3. HP: 21/24 MP: 0/7
  2047 | D:3      | Noticed Robin
  2058 | D:3      | Reached ** piety under Dithmenos
  2063 | D:3      | Slain by a goblin

Illustrated notes

Levels and vault maps discovered:
D:1:      amcnicky_arrival_blooded_trapdoor, layout_rooms,
          basic_ecumenical_altar, kennysheep_nondescript, minmay_tetromino_i2
D:2:      layout_basic, basic_altar
D:3:      minmay_razor_zed, layout_basic, zin_statuary, grunt_ministairs_3,
          uniq_robin, uniq_pargi

Skill      XL: |  1  2 |
---------------+-------+-----
Dodging        | 2 |  2.0
Stealth        | |  1.9
Unarmed Combat | |  0.1
Spellcasting   | |  2.9
Summonings     | |  4.4

Action                   || total
-------------------------++-------
Melee: Unarmed           ||    20
       Rapier            ||     2
       Short sword       ||     2
 Cast: Summon Small Mamm ||    42
       Call Imp          ||     4
  Use: Scroll            ||     1
Armor: Robe              ||    20
Dodge: Dodged            ||    56
Block: Other             ||    20
       Reflection        ||     1
